 Dungeon Crawl Stone Soup version 0.29.1-15-g9cfb28693d (webtiles) character file.

Game seed: 17060704848429499955

2350575 Gabide the Master Archer (level 27, 175/199 HPs)
             Began as a Deep Elf Hunter on Apr 15, 2023.
             Was a Favourite Plaything of Xom.
             Escaped with the Orb
             ... and 4 runes!
             The game lasted 04:22:16 (70311 turns).

Gabide the Master Archer (Deep Elf Hunter)         Turns: 70311, Time: 04:22:17

Health: 175/199    AC: 22    Str: 14    XL:     27
Magic:  49/50      EV: 45    Int: 22    God:    Xom [.*....]
Gold:   9789       SH:  0    Dex: 32    Spells: 79/79 levels left

rFire   + . .      SeeInvis .   a - +9 triple crossbow (vorpal)
rCold   . . .      Faith    .   (shield currently unavailable)
rNeg    . . .      Spirit   +   e - +4 robe of Augmentation {Str+4 Int+4 Dex+4}
rPois   +          Reflect  .   (helmet restricted)
rElec   +          Harm     .   F - +2 cloak {rCorr}
rCorr   +          Rampage  .   k - +2 pair of gloves {Dex+3}
Will    +++++      NoCast   +   x - +3 pair of boots of Delicate Knowledge {-Cast Str+3 Dex+2}
Stlth   ++........              Z - amulet of guardian spirit
HPRegen 0.43/turn               g - +4 ring of slaying
MPRegen 0.32/turn               q - ring "Atusuyni" {rElec rF+ Will+++ AC+4 Int-5}

@: studying 2 skills
A: hooves 2, horns 1, camouflage 1, clever 1, clumsy 2, deterioration 2, low MP
1, poison resistance
0: Orb of Zot
}: 4/15 runes: decaying, slimy, silver, gossamer
a: Renounce Religion


You escaped.
You worshipped Xom.
You were a plaything of Xom.
You visited 11 branches of the dungeon, and saw 55 of its levels.
You visited 1 bazaar.
You also visited: Trove and Ice Cave.

You collected 12116 gold pieces.
You spent 2327 gold pieces at shops.

Inventory:

Hand Weapons
 a - a +9 vorpal triple crossbow (weapon)
 b - the +8 storm bow {elec, penet}
   (You found it on level 3 of the Crypt)

   Any ammunition fired from it occasionally discharges a powerful burst of
   electricity upon striking a foe.
   Any ammunition fired by it passes through the targets it hits, potentially
   hitting all targets in its path until it reaches maximum range.
 y - the +7 longbow of Severance {vorpal, rF+ Str+3 Dex+3 Stlth-}
   (You found it in a treasure trove)

   Any ammunition fired from it inflicts extra damage upon your enemies.
   Str:       It affects your strength (+3).
   Dex:       It affects your dexterity (+3).
   rF:        It protects you from fire.
   Stlth:     It makes you less stealthy.
 E - the +6 arbalest "Zujiunif" {elec, rPois rC+++ Dex-2 Stlth+}
   (You found it on level 5 of the Vaults)

   Any ammunition fired from it occasionally discharges a powerful burst of
   electricity upon striking a foe.
   Dex:       It affects your dexterity (-2).
   rC:        It renders you almost immune to cold.
   rPois:     It protects you from poison.
   Stlth:     It makes you more stealthy.
 K - the +8 whip of the Furious {vorpal, rN+++ rCorr MP-9 Stlth+}
   (You found it on level 2 of the Lair of Beasts)

   It inflicts extra damage upon your enemies.
   rN:        It renders you almost immune to negative energy.
   MP:        It affects your magic capacity (-9).
   rCorr:     It protects you from acid and corrosion.
   Stlth:     It makes you more stealthy.
Missiles
 Y - 2 throwing nets
Armour
 d - +0 swamp dragon scales
 e - the +4 robe of Augmentation (worn) {Str+4 Int+4 Dex+4}
   (You found it on level 5 of the Dungeon)

   Str:       It affects your strength (+4).
   Int:       It affects your intelligence (+4).
   Dex:       It affects your dexterity (+4).
 i - the +2 helmet of Tyudak {rN+ Regen+ Str-2}
   (You found it on level 1 of the Vaults)

   Str:       It affects your strength (-2).
   rN:        It protects you from negative energy.
   Regen:     It increases your rate of health regeneration.
 k - a +2 pair of gloves of dexterity (worn)
 x - the +3 pair of boots of Delicate Knowledge (worn) {-Cast Str+3 Dex+2}
   (You acquired it on level 9 of the Dungeon)

   Str:       It affects your strength (+3).
   Dex:       It affects your dexterity (+2).
   -Cast:     It prevents spellcasting.
 C - the +5 ring mail "Foitz" {Dex+4 Stlth-}
   (You found it on level 5 of the Vaults)

   Dex:       It affects your dexterity (+4).
   Stlth:     It makes you less stealthy.
 F - a +2 cloak of preservation (worn)
 L - a +2 robe of resistance
Jewellery
 g - a +4 ring of slaying (left hand)
 o - an amulet of reflection
 p - the ring "Oqef Opn" {Wiz rN+ rCorr Slay+2}
   (You took it off an ironbound convoker on level 4 of the Vaults)

   [ring of wizardry]

   It improves your spell success rate.
   Slay:      It affects your accuracy & damage with ranged weapons and melee
   (+2).
   rN:        It protects you from negative energy.
   rCorr:     It protects you from acid and corrosion.
 q - the ring "Atusuyni" (right hand) {rElec rF+ Will+++ AC+4 Int-5}
   (You took it off a vampire knight on level 2 of the Depths)

   [ring of protection]

   AC:        It affects your AC (+4).
   Int:       It affects your intelligence (-5).
   rF:        It protects you from fire.
   rElec:     It insulates you from electricity.
   Will:      It greatly increases your willpower.
 s - the amulet "Govausikhe" {Regen+ SInv}
   (You took it off a vampire knight on level 2 of the Depths)

   [amulet of regeneration]

   SInv:      It lets you see invisible.
   Regen:     It increases your rate of health regeneration.
 S - a ring of willpower
 U - a +6 ring of dexterity
 V - a ring of resist corrosion
 Z - an amulet of guardian spirit (around neck)
Wands
 f - a wand of digging (11)
 X - a wand of quicksilver (35)
Scrolls
 c - 6 scrolls of immolation
 h - a scroll of summoning
 m - 6 scrolls of magic mapping
 n - 14 scrolls of silence
 t - 7 scrolls of blinking
 w - 4 scrolls of enchant weapon
 D - 3 scrolls of fog
 I - 16 scrolls of teleportation
 O - 5 scrolls of brand weapon
 Q - 3 scrolls of enchant armour
Potions
 j - 11 potions of brilliance
 l - 7 potions of ambrosia
 r - 13 potions of flight
 u - 15 potions of lignification
 v - 3 potions of cancellation
 z - 2 potions of heal wounds
 A - 6 potions of might
 H - 25 potions of curing
 J - 2 potions of haste
 M - 3 potions of berserk rage
 R - 4 potions of invisibility
 W - 5 potions of resistance
Miscellaneous
 G - a phantom mirror
 N - a condenser vane
 P - a phial of floods


   Skills:
 O Level 27 Fighting
 O Level 27 Ranged Weapons
 - Level 12.0 Armour
 O Level 27 Dodging
 - Level 8.0 Stealth
 + Level 26.5 Spellcasting
 - Level 8.0 Evocations


You had 79 spell levels left.
You didn't know any spells.
Your spell library contained the following spells:

 Spells                   Type           Power      Damage    Failure   Level
 Apportation              Tloc           58%        N/A       1%          1
 Beastly Appendage        Tmut           58%        N/A       1%          1
 Freeze                   Ice            100%       1d11      1%          1
 Magic Dart               Conj           100%       1d8       1%          1
 Necrotise                Necr           100%       1d9       1%          1
 Sting                    Tmut/Pois      100%       1d8       1%          1
 Summon Small Mammal      Summ           100%       N/A       1%          1
 Blink                    Tloc           58%        N/A       1%          2
 Call Imp                 Summ           29%        N/A       1%          2
 Ensorcelled Hibernation  Hex/Ice        58%        N/A       1%          2
 Passwall                 Tmut/Erth      24%        N/A       1%          2
 Poisonous Vapours        Pois/Air       58%        N/A       1%          2
 Static Discharge         Conj/Air       29%        3-7/arc   1%          2
 Sublimation of Blood     Necr           29%        N/A       1%          2
 Wereblood                Tmut           29%        N/A       1%          2
 Call Canine Familiar     Summ           29%        N/A       3%          3
 Confusing Touch          Hex            29%        N/A       3%          3
 Gell's Gravitas          Tloc           29%        N/A       3%          3
 Ignite Poison            Fire/Tmut/Pois 29%        N/A       3%          3
 Inner Flame              Hex/Fire       29%        N/A       3%          3
 Lesser Beckoning         Tloc           29%        N/A       3%          3
 Mephitic Cloud           Conj/Pois/Air  29%        N/A       3%          3
 Ozocubu's Armour         Ice            29%        N/A       3%          3
 Spider Form              Tmut/Pois      29%        N/A       3%          3
 Summon Guardian Golem    Hex/Summ       29%        N/A       3%          3
 Swiftness                Air            29%        N/A       3%          3
 Teleport Other           Tloc           29%        N/A       3%          3
 Tukima's Dance           Hex            29%        N/A       3%          3
 Airstrike                Air            14%        2d(3-19)  11%         4
 Anguish                  Hex/Necr       14%        N/A       11%         4
 Animate Dead             Necr           29%        N/A       11%         4
 Cause Fear               Hex            14%        N/A       11%         4
 Corpse Rot               Necr/Pois/Air  29%        N/A       11%         4
 Dispel Undead            Necr           29%        3d13      11%         4
 Leda's Liquefaction      Hex/Erth       14%        N/A       11%         4
 Olgreb's Toxic Radiance  Pois           29%        N/A       11%         4
 Passage of Golubria      Tloc           29%        N/A       11%         4
 Petrify                  Tmut/Erth      29%        N/A       11%         4
 Sticky Flame             Conj/Fire      29%        2d5       11%         4
 Summon Ice Beast         Ice/Summ       29%        N/A       11%         4
 Summon Lightning Spire   Summ/Air       29%        N/A       11%         4
 Agony                    Necr           29%        N/A       30%         5
 Alistair's Intoxication  Tmut/Pois      19%        N/A       30%         5
 Blade Hands              Tmut           14%        N/A       30%         5
 Borgnjor's Vile Clutch   Necr/Erth      14%        N/A       30%         5
 Fireball                 Conj/Fire      14%        3d8       30%         5
 Freezing Cloud           Conj/Ice/Air   14%        6-21      30%         5
 Irradiate                Conj/Tmut      14%        3d16      30%         5
 Iskenderun's Battlesphe  Conj           29%        2d8       30%         5
 Lee's Rapid Deconstruct  Erth           14%        3d10*     30%         5
 Lightning Bolt           Conj/Air       14%        1d28      30%         5
 Manifold Assault         Tloc           29%        N/A       30%         5
 Metabolic Englaciation   Hex/Ice        14%        N/A       30%         5
 Silence                  Hex/Air        14%        N/A       30%         5
 Summon Forest            Summ/Tloc      14%        N/A       30%         5
 Summon Mana Viper        Hex/Summ       29%        N/A       30%         5
 Yara's Violent Unravell  Hex/Tmut       14%        3d7       30%         5
 Conjure Ball Lightning   Conj/Air       14%        3x3d6     86%         6
 Death Channel            Necr           14%        N/A       86%         6
 Dispersal                Tloc           14%        N/A       86%         6
 Eringya's Noxious Bog    Tmut/Pois      14%        N/A       86%         6
 Iron Shot                Conj/Erth      14%        9d4       86%         6
 Simulacrum               Ice/Necr       14%        N/A       86%         6
 Statue Form              Tmut/Erth      19%        N/A       86%         6
 Summon Cactus Giant      Summ           14%        N/A       86%         6
 Dragon Form              Tmut           14%        N/A       100%        7
 Enfeeble                 Hex            14%        N/A       100%        7
 Haunt                    Necr/Summ      14%        N/A       100%        7
 Monstrous Menagerie      Summ           14%        N/A       100%        7
 Orb of Destruction       Conj           14%        9d7       100%        7
 Ozocubu's Refrigeration  Ice            14%        4d10      100%        7
 Storm Form               Tmut/Air       14%        N/A       100%        7
 Summon Hydra             Summ           14%        N/A       100%        7
 Discord                  Hex            14%        N/A       100%        8
 Disjunction              Tloc           14%        N/A       100%        8
 Ignition                 Fire           14%        3d6       100%        8
 Infestation              Necr           14%        N/A       100%        8
 Lehudib's Crystal Spear  Conj/Erth      14%        10d5      100%        8
 Necromutation            Tmut/Necr      14%        N/A       100%        8
 Polar Vortex             Ice            14%        N/A       100%        9
 Shatter                  Erth           14%        3d14*     100%        9


Dungeon Overview and Level Annotations

Branches:
Dungeon (15/15)            Temple (0/1) D:6            Lair (5/5) D:9
  Swamp (4/4) Lair:2       Spider (4/4) Lair:2        Slime (5/5) Lair:5
    Orc (2/2) D:9             Elf (3/3) Orc:2        Vaults (5/5) D:14
  Crypt (3/3) Vaults:2       Tomb (0/3) Crypt:3      Depths (4/4) D:15
    Zot (5/5) Depths:4      IceCv (visited)

Altars:
Ashenzari
Dithmenos
Fedhas
Hepliaklqana
Kikubaaqudgha
Okawaru
Qazlal
Ru
Uskayaw
Xom
Yredelemnul
Zin
The Shining One
Jiyva

Shops:
D:6 [   D:12 =   Orc:2 *([:   Elf:2 !   Vaults:4 ==[*(   Depths:1 [[

Portals:
Hell: Depths:1 Depths:2 Depths:3 Depths:4
Abyss: Depths:4
Pandemonium: Depths:2
Ziggurat: Depths:2

Annotations:
D:6 2 transporters, engelados's ghost, novice BaCj
Lair:3 3 runed translucent doors, rlgrobin's ghost, journeyman SpHu
Slime:5 11 exclusions
Crypt:1 2 transporters, Ciwiv's ghost, veteran FoFi


Innate Abilities, Weirdness & Mutations

You have hoof-like feet.
You have a pair of small horns on your head.
Your skin changes colour to match your surroundings (Stealth+).
Your mind is acute. (Int +4, Str/Dex -1)
You are very clumsy. (Dex -4)
Your body often deteriorates upon taking damage.
Your magical capacity is low. (-10% MP)
Your system is resistant to poisons. (rPois)


Message History

Where to? (Enter - D:1 @ (x,y), ? - help)
An Executioner comes into view.
The Executioner gestures.
The Executioner seems to speed up.
You shoot a bolt. The bolt hits the Executioner!
The Executioner is moderately wounded.
You shoot a bolt.
The bolt closely misses the Executioner.
The Executioner hits you!! The Executioner hits you.
The Executioner closely misses you. The Executioner hits you!
The Executioner completely misses you. x2; The Executioner misses you.
The Executioner completely misses you.
The Executioner hits you but does no damage.
You shoot a bolt. The bolt hits the Executioner!!
The Executioner is severely wounded.
The Executioner hits you but does no damage.
The Executioner completely misses you. x3
The Executioner hits you but does no damage.
The Executioner barely misses you. The Executioner hits you.
The Executioner closely misses you. The Executioner completely misses you.
You shoot a bolt. The bolt hits the Executioner!!!
You kill the Executioner!
(D) Dungeon (T) Temple (L) Lair (S) Swamp (N) Spider Nest (M) Slime Pits (O) Orcish Mines (E) Elven Halls (V) Vaults (C) Crypt (W) Tomb (U) Depths (H) Hell (Z) Zot
Where to? (Enter - D:1 @ (x,y), ? - help)
A Tzitzimitl comes into view.
You shoot a bolt. The bolt hits the Tzitzimitl.
The Tzitzimitl is lightly wounded.
You shoot a bolt. The bolt hits the Tzitzimitl!!!
The Tzitzimitl is almost dead.
You shoot a bolt. The bolt hits the Tzitzimitl!!
You kill the Tzitzimitl!
There is a staircase leading out of the dungeon here.
You are a level 27 Deep Elf Hunter.
I'm sorry, level 27 is as high as you can go.
With the way you've been playing, I'm surprised you got this far.
Play time: 04:21:47 (70310 turns).
You are forever immune to Zot's power.
You have escaped!

#.#..##รท.# #.##....##
#..#...## ##..#...#
###...#...### ########
###...#.#.....####......#
........###.....##......#
###.......##....##......#
###.#####.###...@#......#
.......##.###....#......#
..#.....###......#......#
..####.........###.######
..# #.......###...# ..#
#......##...### ###
#..##..#..#.#
#..##..#.##.###
#......#.#....#####


There were no monsters in sight!

Vanquished Creatures
  the Royal Jelly (Slime:5)
  Dissolution (Slime:5)
  3 dread liches
  7 orbs of fire (Zot:5)
  4 ancient liches
  A juggernaut (Vaults:4)
  Vv (Depths:2)
  3 Killer Klowns
  Bai Suzhen (Crypt:3)
  A curse toe (Zot:5)
  13 golden dragons
  Arachne (Spider:3)
  A bone dragon (Depths:4)
  A Tzitzimitl (D:1)
  3 electric golems
  A hellephant (D:4)
  An Ice Fiend (Zot:2)
  26 Orb Guardians
  Zenata (Vaults:4)
  A walking crystal tome (Depths:4)
  10 tentacled monstrosities
  Mlioglotl (Spider:1)
  3 deep elf blademasters
  6 liches
  2 deep elf master archers (Elf:3)
  31 acid blobs
  9 quicksilver dragons
  4 titans
  3 ancient champions
  An Executioner (D:1)
  Frances (Elf:1)
  An acid blob (shapeshifter) (Vaults:1)
  4 death cobs
  A thorn hunter (Swamp:4)
  12 sphinxes
  11 shadow dragons
  3 tengu reavers
  19 storm dragons
  A fenstrider witch (Swamp:1)
  15 azure jellies
  9 draconian monks
  Roxanne (Spider:2)
  10 fire giants
  5 draconian knights
  2 iron dragons
  8 revenants
  4 balrugs
  7 frost giants
  19 rockslimes
  3 deep elf sorcerers
  24 vault wardens
  7 draconian scorchers
  3 emperor scorpions
  6 deep elf elementalists (Elf:3)
  Louise (Swamp:1)
  5 orc warlords
  7 draconian shifters
  9 ghost moths
  3 curse skulls
  6 draconian stormcallers
  24 ironbound preservers
  30 very ugly things
  5 war gargoyles
  11 draconian annihilators
  8 ironbound thunderhulks
  3 reapers
  9 vampire knights
  9 stone giants
  12 quicksilver oozes
  22 green draconians
  A juggernaut skeleton (Crypt:3)
  2 broodmothers
  Azrael (Orc:2)
  2 eleionomae
  15 dire elephants
  17 black draconians
  12 white draconians
  8 deep elf demonologists
  17 yellow draconians
  A lorocyproca (D:1)
  11 bunyips
  6 red draconians
  Nessos (D:15)
  12 purple draconians
  7 deep elf annihilators
  7 entropy weavers
  11 spark wasps
  8 deep elf death magi
  A crystal guardian (Vaults:3)
  11 ettins
  A green death (D:5)
  4 jiangshi
  A merfolk javelineer (Depths:4)
  4 eidola
  20 yaktaur captains
  Josephine (Lair:5)
  The ghost of Gumption the Severer, a journeyman MiBe of Trog (D:10)
  7 fire dragons
  2 spriggan zombies (Crypt:1)
  7 deep elf high priests
  A rakshasa (Depths:1)
  A merfolk impaler (Depths:4)
  Fannar (D:12)
  19 hydras
  A hydra (shapeshifter) (Vaults:5)
  31 vault guards
  15 ice dragons
  6 great orbs of eyes
  8 boulder beetles
  An ogre mage (Vaults:5)
  5 spriggan skeletons (Crypt:3)
  3 ghost crabs
  4 catoblepae
  14 ironbound frosthearts
  3 spriggan air magi
  3 peacekeepers
  15 centaur warriors
  4 radroaches
  A death knight (Crypt:2)
  26 dancing weapons
  A death scarab (Crypt:2)
  11 death yaks
  5 two-headed ogres
  12 alligators
  9 tengu warriors
  11 deep troll shamans
  4 orc high priests
  12 deep troll earth magi
  8 vampire magi
  6 hell hogs
  6 soul eaters
  2 spriggan berserkers (Depths:2)
  10 sun demons
  15 deep elf knights
  10 hell knights
  5 shadow wraiths
  8 pharaoh ants
  8 iron trolls
  13 skeletal warriors
  A fire crab (D:10)
  2 sun moths
  3 sixfirhies
  12 steelbarb worms
  A death drake (Vaults:3)
  14 flayed ghosts
  13 orb spiders
  75 deep trolls
  8 spriggan druids
  6 goliath frogs
  22 ironbound convokers
  A storm dragon skeleton (Crypt:1)
  8 bog bodies
  2 glowing orange brains
  6 wizards
  2 golden dragon skeletons
  A spriggan simulacrum (Crypt:1)
  11 lindwurms
  14 swamp dragons
  7 orc knights
  5 harpies (Vaults:1)
  20 deep elf pyromancers
  29 deep elf zephyrmancers
  7 deep elf archers
  4 necromancers
  15 phantasmal warriors
  8 orc sorcerers
  7 will-o-the-wisps
  32 wolf spiders
  18 elephants (Lair:5)
  5 cyclopes
  46 ugly things
  30 moths of wrath
  A salamander (Depths:1)
  A fire giant zombie (Depths:2)
  A dire elephant zombie (Crypt:2)
  7 manticores
  8 shining eyes
  5 fire giant skeletons (Crypt:3)
  A frost giant skeleton (Crypt:2)
  2 rust devils
  13 torpor snails
  20 vault sentinels
  4 black mambas
  9 smoke demons
  3 eyes of devastation (Slime:5)
  An ice statue (IceCv)
  8 cane toads
  A dire elephant skeleton (Crypt:3)
  An orange demon (Zot:5)
  A sea snake zombie (Crypt:2)
  A centaur skeleton (Crypt:3)
  5 gargoyles
  A hellion (D:10)
  An efreet (D:15)
  An unseen horror (D:10)
  11 demonic crawlers
  4 rime drakes
  2 hellwings (Depths:2)
  46 yaktaurs
  A catoblepas zombie (Crypt:1)
  3 ice devils
  9 komodo dragons
  A tormentor (Depths:2)
  A rime drake (shapeshifter) (Zot:4)
  8 freezing wraiths
  A tengu conjurer (D:15)
  A bloated husk (Swamp:2)
  3 guardian mummies (Crypt:3)
  A mana viper zombie (Crypt:1)
  4 trolls
  2 minotaur skeletons
  A tengu simulacrum (Depths:2)
  A green draconian skeleton (Crypt:1)
  5 meliai
  9 hornets
  12 polar bears
  2 harpy skeletons (Crypt:3)
  31 tarantellas
  A hydra skeleton (Crypt:3)
  8 tyrant leeches
  A raiju (Swamp:4)
  10 dream sheep
  12 blink frogs
  A fire dragon zombie (Crypt:1)
  41 jumping spiders
  105 slime creatures
  An ettin zombie (Crypt:1)
  A jumping spider (shapeshifter) (D:15)
  12 fire dragon skeletons
  9 shadows
  19 wraiths
  An alligator skeleton (Crypt:1)
  5 wyverns
  A centaur simulacrum (D:15)
  A ynoxinul (Depths:3)
  14 culicivoras
  38 yaks
  6 water elementals
  A culicivora (shapeshifter) (D:10)
  A hog (shapeshifter) (D:15)
  13 spriggans
  5 vampires
  5 humans (Depths:4)
  Eustachio (D:6)
  8 fire elementals
  7 golden eyes
  A neqoxec (Depths:2)
  A yaktaur simulacrum (Vaults:3)
  81 redbacks
  2 steam dragons
  15 vampire mosquitoes
  Menkaure (D:4)
  9 basilisks
  A naga (shapeshifter) (Vaults:5)
  3 wargs (Orc:2)
  A demonspawn zombie (Crypt:2)
  10 swamp worms
  A swamp worm (shapeshifter) (Elf:2)
  16 water moccasins
  Duvessa (D:5)
  An acid dragon (shapeshifter) (Elf:1)
  A water nymph skeleton (Crypt:2)
  2 floating eyes
  A floating eye (shapeshifter) (D:10)
  3 hell hounds (Orc:2)
  A deep troll skeleton (Crypt:1)
  11 swamp drakes
  2 acid dragons
  2 black bears
  3 ice beasts
  29 orc warriors
  An elephant zombie (Crypt:2)
  A sky beast (D:6)
  27 wolves
  8 ogres
  A snapping turtle skeleton (Crypt:1)
  11 centaurs
  An elf simulacrum (Vaults:3)
  A phantom (D:6)
  3 gnoll sergeants
  3 earth elementals
  2 human zombies (Vaults:3)
  A necrophage (D:5)
  4 scorpions
  13 bullfrogs
  5 wights
  6 killer bees (D:9)
  4 howler monkeys
  6 electric eels
  3 lava snakes (Lair:2)
  A wolf skeleton (Crypt:1)
  2 hounds
  8 orc priests
  A gnoll bouda (D:4)
  Ijyb (D:4)
  5 iguanas
  21 orc wizards
  3 mummies (Crypt:3)
  19 gnolls
  6 adders
  A steam dragon skeleton (Crypt:1)
  3 white imps
  2 ufetubi
  2 worms
  3 dart slugs
  59 orcs
  3 ball pythons
  An endoplasm (D:1)
  A giant cockroach (D:1)
  8 goblins
  7 hobgoblins
  4 quokkas
  A ball python zombie (Crypt:2)
  3 bats
  3 frilled lizards
  3 kobolds
  5 rats
  A fire vortex (Depths:2)
2494 creatures vanquished.

Vanquished Creatures (collateral kills)
  A deep elf death mage (Elf:3)
  A deep elf high priest (Elf:3)
  An ugly thing (Vaults:3)
  A frost giant skeleton (Depths:2)
  A komodo dragon (Lair:1)
  2 slime creatures
  A yak (Lair:1)
  A bullfrog (Lair:1)
9 creatures vanquished.

Vanquished Creatures (others)
  A fire giant (Vaults:5)
  A stone giant (Vaults:5)
  An ironbound frostheart (Vaults:2)
  2 dancing weapons
  A deep troll (Depths:2)
  A necromancer (Crypt:1)
  A faun (Crypt:1)
  An ugly thing (Vaults:3)
  A yaktaur (Vaults:4)
  A freezing wraith (Vaults:5)
  A culicivora (Spider:3)
  Sigmund (D:4)
  4 yaks (Lair:1)
  A redback (Spider:1)
  An ogre (Vaults:5)
  An orc (Orc:1)
  A bush (Lair:2)
  8 foxfires
  45 fungi
  22 plants
  8 withered plants (Crypt:3)
104 creatures vanquished.

Grand Total: 2607 creatures vanquished

Notes
Turn   | Place    | Note
-------+----------+-------------------------------------------
     0 | D:1      | Gabide the Deep Elf Hunter began the quest for the Orb.
     0 | D:1      | Reached XP level 1. HP: 12/12 MP: 3/3
   217 | D:1      | Reached XP level 2. HP: 16/17 MP: 4/4
   474 | D:1      | Found a faded altar of an unknown god.
   646 | D:2      | Reached XP level 3. HP: 21/21 MP: 5/5
  1235 | D:3      | Found a hide-covered altar of Uskayaw.
  2045 | D:4      | Reached XP level 4. HP: 26/28 MP: 6/6
  2305 | D:4      | Noticed a bullfrog
  2308 | D:4      | Killed a bullfrog
  2309 | D:4      | Reached XP level 5. HP: 26/32 MP: 7/7
  2462 | D:4      | Found an ancient bone altar of Kikubaaqudgha.
  2462 | D:4      | Found a glowing golden altar of the Shining One.
  2472 | D:4      | Noticed Menkaure
  2477 | D:4      | Killed Menkaure
  2478 | D:4      | Reached XP level 6. HP: 20/37 MP: 8/8
  3009 | D:4      | Found a hazy altar of Hepliaklqana.
  3028 | D:5      | Entered Level 5 of the Dungeon
  3049 | D:5      | Noticed Duvessa
  3055 | D:5      | Killed Duvessa
  3055 | D:5      | Noticed Dowan
  3570 | D:5      | Found a shimmering altar of Xom.
  3572 | D:5      | Noticed Sigmund
  3666 | D:5      | Noticed Dowan
  3666 | D:5      | Dowan changed into Dowan the iguana
  3668 | D:5      | Killed Dowan the iguana
  3669 | D:5      | Reached XP level 7. HP: 41/42 MP: 9/9
  3754 | D:4      | Reached skill level 5 in Dodging
  3860 | D:5      | Noticed Ijyb
  4189 | D:4      | Killed Sigmund
  4191 | D:4      | Killed Ijyb
  4501 | D:5      | Reached XP level 8. HP: 45/48 MP: 10/10
  4660 | D:5      | Reached skill level 10 in Ranged Weapons
  5009 | D:5      | Reached skill level 5 in Fighting
  5276 | D:6      | Noticed Eustachio
  5298 | D:6      | Killed Eustachio
  5350 | D:6      | Found an iron altar of Okawaru.
  5408 | D:6      | Found Qemitsou's Antique Armour Shoppe.
  5463 | D:6      | Bought a pair of gloves for 117 gold pieces
  5552 | D:6      | Found a stormy altar of Qazlal.
  5571 | D:6      | Found a transporter.
  5575 | D:6      | Found a transporter.
  5576 | D:6      | Noticed engelados's ghost (novice BaCj)
  5577 | D:6      | Noticed a deep elf pyromancer
  6158 | D:6      | Found a staircase to the Ecumenical Temple.
  7236 | D:7      | Reached XP level 9. HP: 51/55 MP: 11/11
  8039 | D:6      | Bought a cloak for 117 gold pieces
  8149 | D:8      | Identified the +3 hand axe "Azeggafa" {vorpal, Fragile rN+
                  | Dex+3}
  8321 | D:8      | Found a sacrificial altar of Ru.
  8744 | D:9      | Found a staircase to the Lair.
  8820 | D:9      | Identified a scroll of acquirement
  8820 | D:9      | Acquired the +3 pair of boots of Delicate Knowledge {-Cast
                  | Str+3 Dex+2}
  9200 | D:9      | Found a staircase to the Orcish Mines.
  9234 | D:9      | Reached XP level 10. HP: 61/61 MP: 12/12
  9748 | Lair:1   | Entered Level 1 of the Lair of Beasts
  9812 | Lair:1   | Noticed a cane toad
  9816 | Lair:1   | Reached skill level 15 in Ranged Weapons
  9823 | Lair:1   | Killed a cane toad
  9890 | Lair:1   | Acquired 940 gold pieces
 10078 | Lair:1   | Noticed a cane toad
 10091 | Lair:1   | Killed a cane toad
 10092 | Lair:1   | Reached XP level 11. HP: 51/68 MP: 9/13
 10917 | Lair:2   | Identified the +8 whip of the Furious {vorpal, rN+++ rCorr
                  | MP-9 Stlth+}
 11311 | Lair:2   | Found a staircase to the Swamp.
 11388 | Lair:2   | Reached skill level 1 in Spellcasting
 11673 | Lair:2   | Found a hole to the Spider Nest.
 12381 | Lair:3   | Found a runed translucent gate.
 12381 | Lair:3   | Found a runed translucent gate.
 12381 | Lair:3   | Found a runed translucent gate.
 12402 | Lair:3   | Noticed rlgrobin's ghost (journeyman SpHu)
 12440 | Lair:3   | Found a frozen archway.
 12448 | Lair:3   | Reached XP level 12. HP: 76/76 MP: 20/20
 12455 | IceCv    | Entered an ice cave
 12489 | IceCv    | Noticed a death yak
 12504 | IceCv    | Killed a death yak
 12504 | IceCv    | Noticed a death yak
 12510 | IceCv    | Noticed a death yak
 12511 | IceCv    | Killed a death yak
 12529 | IceCv    | Killed a death yak
 12728 | IceCv    | Reached skill level 10 in Dodging
 12922 | IceCv    | Noticed a death yak
 12936 | IceCv    | Killed a death yak
 13348 | IceCv    | Noticed an ironbound frostheart
 13348 | IceCv    | Noticed an ironbound frostheart
 13354 | IceCv    | Reached skill level 10 in Fighting
 13371 | IceCv    | Killed an ironbound frostheart
 13394 | IceCv    | Killed an ironbound frostheart
 14089 | Lair:4   | Noticed a boulder beetle
 14110 | Lair:4   | Killed a boulder beetle
 14482 | Lair:4   | Noticed a catoblepas
 14504 | Lair:4   | Killed a catoblepas
 14505 | Lair:4   | Reached XP level 13. HP: 78/82 MP: 19/21
 15203 | Lair:5   | Entered Level 5 of the Lair of Beasts
 15965 | Lair:5   | Noticed Josephine
 15989 | Lair:5   | Killed Josephine
 16316 | Lair:5   | Found a viscous altar of Jiyva.
 16316 | Lair:5   | Found a staircase to the Slime Pits.
 16968 | Lair:5   | Reached XP level 14. HP: 40/90 MP: 12/22
 18520 | D:10     | Entered Level 10 of the Dungeon
 18603 | D:10     | Noticed Gumption's ghost (journeyman MiBe)
 18714 | D:10     | Found a blossoming altar of Fedhas.
 18757 | D:10     | Found a runed translucent door.
 19431 | D:10     | Found a transporter.
 19951 | D:10     | Found a transporter.
 20078 | D:10     | Killed Gumption's ghost
 20770 | D:11     | Reached skill level 1 in Armour
 22167 | D:12     | Noticed Fannar
 22175 | D:12     | Killed Fannar
 22225 | D:12     | Found Etuomol's Jewellery Shoppe.
 22354 | D:13     | Found a portal to a secret trove of treasure.
 22401 | Trove    | Entered a treasure trove
 22407 | Trove    | Identified the +7 longbow of Severance {vorpal, rF+ Str+3
                  | Dex+3 Stlth-}
 22419 | Trove    | Identified the +6 falchion of Frustration {vorpal, Fly
                  | rElec rF+ Str-5}
 23406 | D:14     | Reached XP level 15. HP: 96/96 MP: 23/23
 23799 | D:14     | Found a gate to the Vaults.
 24049 | D:15     | Entered Level 15 of the Dungeon
 24228 | D:15     | Identified the +1 pair of boots of the Dungeon {rCorr}
 24478 | D:15     | Found a staircase to the Depths.
 24773 | D:15     | Noticed Nessos
 24779 | D:15     | Killed Nessos
 25212 | D:15     | Found a glowing silver altar of Zin.
 25503 | Orc:1    | Entered Level 1 of the Orcish Mines
 25566 | Orc:2    | Entered Level 2 of the Orcish Mines
 26229 | Orc:1    | Noticed an orc warlord
 26236 | Orc:1    | Killed an orc warlord
 26413 | Orc:2    | Noticed an orc warlord
 26466 | Orc:1    | Killed an orc warlord
 26600 | Orc:2    | Noticed Azrael
 26602 | Orc:2    | Killed Azrael
 26663 | Orc:2    | Found Hecyhah's Antique Weapon Boutique.
 26681 | Orc:2    | Bought a slimy arbalest for 294 gold pieces
 26681 | Orc:2    | Identified the +7 arbalest "Xiload" {venom, Str+7} (You
                  | bought it in a shop on level 2 of the Orcish Mines)
 26693 | Orc:2    | Found Qoidy's Antique Armour Boutique.
 26707 | Orc:2    | Found a staircase to the Elven Halls.
 26783 | Orc:2    | Found Motaiher's Book Boutique.
 26953 | Orc:2    | Found Moiporux's General Store.
 26961 | Orc:2    | Bought a scroll of identify for 34 gold pieces
 26961 | Orc:2    | Bought a scroll of blinking for 127 gold pieces
 27397 | Swamp:1  | Entered Level 1 of the Swamp
 27574 | Swamp:1  | Reached XP level 16. HP: 99/104 MP: 24/24
 27692 | Swamp:1  | Noticed Louise
 27702 | Swamp:1  | Killed Louise
 28314 | Swamp:2  | Noticed a tentacled monstrosity
 28319 | Swamp:2  | Killed a tentacled monstrosity
 28633 | D:5      | Became a worshipper of Xom of Chaos
 28865 | Swamp:2  | Reached skill level 27 in Ranged Weapons
 28903 | Swamp:2  | XOM: god gift: 48 gold pieces
 28996 | Swamp:2  | Reached skill level 15 in Dodging
 29283 | Swamp:3  | XOM: summons 11 friendly demons
 29310 | Swamp:3  | XOM: cleaving
 29502 | Swamp:3  | XOM: god gift: embroidered scarf {god gift}
 29947 | Swamp:3  | XOM: summons 9 hostile demons
 29977 | Swamp:4  | Entered Level 4 of the Swamp
 30041 | Swamp:4  | XOM: scenery: create altars
 30142 | Swamp:4  | XOM is BORED!
 30142 | Swamp:4  | XOM: give mutations
 30142 | Swamp:4  | Gained mutation: Armour fits poorly on your strangely
                  | shaped body. [Xom's mischief]
 30142 | Swamp:4  | Gained mutation: You are weak. (Str -2) [Xom's mischief]
 30187 | Swamp:4  | Reached XP level 17. HP: 82/112 MP: 25/25
 30325 | Swamp:4  | Got a decaying rune of Zot
 30374 | Swamp:4  | XOM: smoke on damage
 30415 | Swamp:4  | XOM: give mutation
 30415 | Swamp:4  | Gained mutation: You have a pair of small antennae on your
                  | head. [Xom's grace]
 30440 | Swamp:4  | XOM: 3-stop teleportation journey
 30441 | Swamp:4  | Lost mutation: Armour fits poorly on your strangely shaped
                  | body. [potion of mutation]
 30441 | Swamp:4  | Lost mutation: You have a pair of small antennae on your
                  | head. [potion of mutation]
 30441 | Swamp:4  | Gained mutation: You have very sharp teeth. [potion of
                  | mutation]
 30445 | Swamp:4  | XOM: 1-stop teleportation journey
 30866 | Swamp:4  | XOM: draining
 31392 | Spider:1 | Entered Level 1 of the Spider Nest
 31404 | Spider:1 | Reached skill level 15 in Fighting
 31415 | Spider:1 | Noticed Mlioglotl
 31416 | Spider:1 | XOM: swap monsters
 31419 | Spider:1 | Killed Mlioglotl
 31421 | Spider:1 | XOM: blink monster(s)
 31424 | Spider:1 | XOM: confuse monster(s)
 31706 | Spider:1 | XOM: cloud trail
 32000 | Spider:1 | XOM: divination: magic mapping
 32129 | Spider:2 | You fall into a shaft and drop 1 floor!
 32172 | Spider:3 | XOM: confuse monster(s)
 32462 | Spider:2 | XOM: confuse monster(s)
 32463 | Spider:2 | XOM: noise
 32499 | Spider:2 | Identified Roxanne's Reference Book on Metamorphosis
 32499 | Spider:2 | Noticed Roxanne
 32533 | Spider:2 | XOM: silly message
 32551 | Spider:2 | XOM: silly message
 32680 | Spider:2 | Reached XP level 18. HP: 119/120 MP: 26/26
 32773 | Spider:2 | XOM: god gift: wand of polymorph (5)
 32787 | Spider:2 | XOM: give mutations
 32787 | Spider:2 | Gained mutation: Your body sometimes deteriorates upon
                  | taking damage. [Xom's mischief]
 32787 | Spider:2 | Gained mutation: You occasionally shout uncontrollably at
                  | your foes. [Xom's mischief]
 32787 | Spider:2 | Lost mutation: You are weak. (Str -2) [Xom's mischief]
 32882 | Spider:2 | Killed Roxanne
 32982 | Spider:2 | Identified the +9 war axe "Erphu" {venom, Contam *Noise
                  | MP+9 Str+5}
 33009 | Spider:2 | XOM: give mutations
 33009 | Spider:2 | Gained mutation: Your spells are a little harder to cast,
                  | but a little more powerful. [Xom's grace]
 33009 | Spider:2 | Gained mutation: You are strong-willed. (Will+) [Xom's
                  | grace]
 33009 | Spider:2 | Gained mutation: You passively map a small area around you.
                  | [Xom's grace]
 33532 | Spider:2 | XOM: give mutation
 33532 | Spider:2 | Gained mutation: You are robust. (+10% HP) [Xom's grace]
 33863 | Spider:3 | Noticed Arachne
 33869 | Spider:3 | Killed Arachne
 34211 | Spider:4 | Entered Level 4 of the Spider Nest
 34413 | Spider:3 | XOM: enchant monster (good)
 34441 | Spider:4 | XOM: summons friendly shadow imp
 34503 | Spider:4 | XOM: scenery: summon butterflies
 34553 | Spider:4 | XOM: god gift: scroll of amnesia
 34677 | Spider:4 | XOM: cast spell 'Cause Fear'
 34934 | Spider:4 | XOM: god gift: +0 barding of fire resistance
 35479 | Spider:4 | XOM: scenery: create altars
 35807 | Spider:4 | XOM: give mutation
 35807 | Spider:4 | Gained mutation: You are agile. (Dex +4, Str/Int -1) [Xom's
                  | grace]
 35838 | Spider:4 | Got a gossamer rune of Zot
 35838 | Spider:4 | XOM: scenery: create altars
 36117 | Vaults:1 | Entered Level 1 of the Vaults
 36294 | Vaults:1 | XOM: scenery: summon butterflies
 36301 | Vaults:1 | XOM: cleaving
 36307 | Vaults:1 | XOM: summons friendly shadow imp
 36308 | Vaults:1 | XOM: summons friendly crimson imp
 36325 | Vaults:1 | Reached XP level 19. HP: 136/140 MP: 27/27
 36531 | Vaults:1 | XOM: god gift: robe {god gift}
 36601 | Vaults:1 | XOM: scenery: create altars
 36607 | Vaults:1 | Found a transporter.
 36607 | Vaults:1 | Found a transporter.
 36626 | Vaults:1 | Identified the ring of the Leaf {rN+ Str+6 SInv}
 36642 | Vaults:1 | Noticed a golden dragon
 36646 | Vaults:1 | a golden dragon changed into a stone giant
 36648 | Vaults:1 | XOM: 1-stop teleportation journey
 36855 | Vaults:1 | XOM: give mutations
 36855 | Vaults:1 | Gained mutation: You are partially covered in iridescent
                  | scales. (AC +2) [Xom's grace]
 36855 | Vaults:1 | Gained mutation: You have sharp fingernails. [Xom's grace]
 36855 | Vaults:1 | Gained mutation: You are mostly covered in iridescent
                  | scales. (AC +4) [Xom's grace]
 37314 | Vaults:1 | XOM: divination: detect creatures
 37341 | Vaults:1 | Identified the +1 cloak "Qaagybec" {+Inv rPois Will-}
 37436 | Vaults:1 | XOM: god gift: staff of conjuration
 37755 | Vaults:2 | XOM: divination: magic mapping
 37774 | Vaults:2 | XOM: chaos cloud
 37789 | Vaults:2 | XOM: confusion
 37959 | Vaults:2 | Found a staircase to the Crypt.
 38867 | Depths:1 | Entered Level 1 of the Depths
 39092 | Depths:1 | XOM: cleaving
 39111 | Depths:1 | XOM: blink monster(s)
 39114 | Depths:1 | Reached XP level 20. HP: 150/150 MP: 28/28
 39135 | Depths:1 | Found Amem Jokk's Armour Shoppe.
 39135 | Depths:1 | Found Cuekk's Antique Armour Emporium.
 39234 | Depths:1 | XOM is BORED!
 39422 | Depths:1 | Found a gateway to Hell.
 39817 | Depths:1 | Acquired 833 gold pieces
 40011 | Depths:2 | XOM: torment (89/152 hp)
 40061 | Depths:2 | Noticed a golden dragon
 40064 | Depths:2 | Killed a golden dragon
 40075 | Depths:2 | Identified the amulet "Govausikhe" {Regen+ SInv}
 40076 | Depths:2 | XOM: swap monsters
 40078 | Depths:2 | Identified the +9 hand axe of Vemedit {protect, Str+4 Int-5
                  | Stlth+}
 40078 | Depths:2 | Identified the +3 buckler of the Learner {rPois Dex+3}
 40078 | Depths:2 | Identified the ring "Yqooddoob" {Fly rF- rN+ Will+}
 40078 | Depths:2 | Identified the ring "Atusuyni" {rElec rF+ Will+++ AC+4
                  | Int-5}
 40280 | Depths:2 | Found a one-way gateway to a ziggurat.
 40311 | Depths:2 | Noticed Vv
 40331 | Depths:2 | XOM: swap monsters
 40335 | Depths:2 | XOM: enchant monster (bad)
 40342 | Depths:2 | Killed Vv
 40413 | Depths:2 | Found a one-way gate leading to the halls of Pandemonium.
 40695 | Depths:2 | XOM: divination: detect creatures
 40746 | Depths:2 | Found a runed translucent door.
 40752 | Depths:2 | XOM: blink monster(s)
 40814 | Depths:2 | Got the Compendium of Frigorific Terrain
 40884 | Depths:2 | XOM: give mutation
 40884 | Depths:2 | Gained mutation: You expend magic power (3 MP) to
                  | strengthen your wands. [Xom's mischief]
 40927 | Depths:2 | XOM: polymorph deep troll earth mage -> quicksilver ooze
 40929 | Depths:2 | XOM: potion effect (berserk rage)
 40935 | Depths:2 | XOM: noise
 40936 | Depths:2 | XOM: noise
 40944 | Depths:2 | XOM: fog
 40945 | Depths:2 | XOM: scenery: summon butterflies
 40947 | Depths:2 | XOM: summons 2 friendly demons
 41021 | Depths:2 | XOM: cloud trail
 41181 | Depths:2 | XOM: divine lightning
 41183 | Depths:2 | XOM: summons friendly ufetubus
 41199 | Depths:2 | XOM: summons 1 hostile demon
 41521 | Depths:3 | XOM: 2-stop teleportation journey
 41606 | Depths:2 | XOM: silly message
 41723 | Depths:3 | Found a shadowy altar of Dithmenos.
 41779 | Depths:3 | XOM: noise
 41784 | Depths:3 | XOM: stat loss: -1 Dex (42/43)
 41789 | Depths:3 | Reached XP level 21. HP: 148/160 MP: 29/29
 42126 | Depths:3 | XOM: give mutations
 42126 | Depths:3 | Lost mutation: You have very sharp teeth. [Xom's mischief]
 42126 | Depths:3 | Lost mutation: You passively map a small area around you.
                  | [Xom's mischief]
 42126 | Depths:3 | Gained mutation: You are weak. (Str -2) [Xom's mischief]
 42204 | Depths:3 | XOM: scenery: summon butterflies
 42226 | Depths:4 | Entered Level 4 of the Depths
 42348 | Depths:4 | Found a flickering gateway to a bazaar.
 42364 | Depths:4 | XOM: god gift: plate armour {god gift}
 42400 | Bazaar   | Entered a bazaar
 42400 | Bazaar   | Found Toroch's Jewellery Shop.
 42400 | Bazaar   | Found Tysuonk's General Store.
 42400 | Bazaar   | Found Wobbah's Antique Armour Shoppe.
 42402 | Bazaar   | Found Jeetyt's Book Shoppe.
 42451 | Bazaar   | Bought a scroll of blinking for 82 gold pieces
 42451 | Bazaar   | Bought a potion of heal wounds for 55 gold pieces
 42462 | Bazaar   | Bought a jet-studded ring mail for 306 gold pieces
 42462 | Bazaar   | Identified the +1 ring mail "Saeck" {Dex+5} (You bought it
                  | in a shop in a bazaar)
 42462 | Bazaar   | Bought a runed cloak for 255 gold pieces
 42525 | Depths:4 | Found a one-way gate to the infinite horrors of the Abyss.
 42742 | Depths:4 | Found a gate to the Realm of Zot.
 42742 | Depths:4 | Noticed a golden dragon
 42742 | Depths:4 | XOM: 3-stop teleportation journey
 42904 | Depths:4 | Found a broken altar of Ashenzari.
 42916 | Depths:4 | XOM: fog
 43077 | Depths:4 | XOM: divination: detect items
 43183 | Depths:4 | Killed a golden dragon
 43639 | Vaults:1 | XOM: 8-stop teleportation journey
 43677 | Vaults:1 | XOM: give mutation
 43677 | Vaults:1 | Gained mutation: You have a pair of small horns on your
                  | head. [Xom's grace]
 43710 | Vaults:1 | XOM: divination: magic mapping
 43718 | Vaults:1 | XOM: fog
 43724 | Vaults:1 | XOM: polymorph wizard -> steelbarb worm
 43852 | Vaults:1 | Identified the +2 helmet of Tyudak {rN+ Regen+ Str-2}
 43897 | Vaults:1 | XOM: give mutations
 43897 | Vaults:1 | Gained mutation: You have large cloven feet. [Xom's grace]
 43897 | Vaults:1 | Gained mutation: You are completely covered in iridescent
                  | scales. (AC +6) [Xom's grace]
 44238 | Vaults:3 | XOM: enchant monster (good)
 44241 | Vaults:3 | XOM: summons friendly ufetubus
 44242 | Vaults:3 | XOM: enchant monster (bad)
 44521 | Vaults:3 | Reached XP level 22. HP: 170/170 MP: 30/30
 44521 | Vaults:3 | XOM: noise
 44528 | Vaults:3 | Reached skill level 27 in Dodging
 44729 | Vaults:3 | XOM: fake destruction
 44733 | Vaults:3 | XOM: polymorph deep troll -> death drake
 45177 | Vaults:4 | Found Dimaach's Armour Boutique.
 45286 | Vaults:4 | Found Lochae's Jewellery Boutique.
 45336 | Vaults:4 | XOM: potion effect (invisibility)
 45346 | Vaults:4 | Found Suelemag's Weapon Shoppe.
 45409 | Vaults:4 | XOM: silly message
 45507 | Vaults:4 | XOM: scenery: 1 doors open, 2 doors close
 45793 | Vaults:4 | Found Uttue's Jewellery Shop.
 45811 | Vaults:4 | Found Vicala Caec's Assorted Antiques.
 45816 | Vaults:4 | Bought a potion of invisibility for 280 gold pieces
 45816 | Vaults:4 | Bought a scroll of teleportation for 105 gold pieces
 45871 | Vaults:4 | Noticed Zenata
 45873 | Vaults:4 | Killed Zenata
 45911 | Vaults:4 | XOM: summons 9 hostile demons
 45981 | Vaults:4 | Lost mutation: You expend magic power (3 MP) to strengthen
                  | your wands. [potion of mutation]
 45981 | Vaults:4 | Lost mutation: You have a pair of small horns on your head.
                  | [potion of mutation]
 45981 | Vaults:4 | Lost mutation: You are robust. (+10% HP) [potion of
                  | mutation]
 45981 | Vaults:4 | Gained mutation: Your mind is acute. (Int +4, Str/Dex -1)
                  | [potion of mutation]
 45996 | Vaults:4 | XOM is BORED!
 46151 | Vaults:4 | XOM: swap monsters
 46237 | Vaults:4 | XOM: swap monsters
 46405 | D:14     | XOM: god gift: 37 gold pieces
 46577 | Elf:1    | Entered Level 1 of the Elven Halls
 46785 | Elf:1    | Noticed Frances
 46792 | Elf:1    | Killed Frances
 47194 | Elf:1    | XOM: noise
 47198 | Elf:1    | XOM: polymorph deep elf archer -> deep troll
 47964 | Elf:2    | Found Mutaf's Distillery.
 47969 | Elf:2    | Bought a potion of curing for 45 gold pieces
 47969 | Elf:2    | Bought a potion of haste for 150 gold pieces
 47969 | Elf:2    | Bought a potion of haste for 150 gold pieces
 47969 | Elf:2    | Bought a potion of mutation for 120 gold pieces
 47969 | Elf:2    | Bought 2 potions of curing for 90 gold pieces
 48005 | Elf:2    | Found a runed translucent gate.
 48005 | Elf:2    | Found a runed translucent gate.
 48006 | Elf:2    | Found a runed translucent gate.
 48327 | Elf:2    | XOM: confusion
 48502 | Elf:3    | Entered Level 3 of the Elven Halls
 48878 | Elf:3    | XOM: summons friendly white imp
 48888 | Elf:3    | XOM: confusion (+ monsters)
 48899 | Elf:3    | Reached XP level 23. HP: 165/165 MP: 31/31
 49233 | Elf:3    | XOM: cleaving
 49281 | Elf:3    | XOM: summons friendly hellwing
 49386 | Elf:3    | Identified the +9 mace of Kicsaasa {holy, rPois rF+ rC-
                  | Stlth+}
 49471 | Elf:3    | Found the +5 glaive of the Guard {elec, spectral, AC+5}
 49497 | Elf:3    | Identified the +4 shortbow "Newtslayer" {flame, Dex+2}
 49714 | Elf:3    | Identified the +1 sling of the Realm of Zot {freeze, rN+
                  | Int+3 Stlth+}
 49922 | Elf:3    | XOM: 5-stop teleportation journey
 50499 | Slime:1  | Entered Level 1 of the Pits of Slime
 50765 | Slime:1  | XOM: divination: detect creatures
 51085 | Slime:1  | XOM: summons 3 friendly demons
 51173 | Slime:2  | Gained mutation: You are frail. (-10% HP) [a shining eye]
 51177 | Slime:2  | Gained mutation: You have hidden genetic defects. [a
                  | shining eye]
 51190 | Slime:1  | Lost mutation: You have hidden genetic defects. [potion of
                  | mutation]
 51190 | Slime:1  | Lost mutation: Your mind is acute. (Int +4, Str/Dex -1)
                  | [potion of mutation]
 51190 | Slime:1  | Lost mutation: Your body sometimes deteriorates upon taking
                  | damage. [potion of mutation]
 51190 | Slime:1  | Lost mutation: You are agile. (Dex +4, Str/Int -1) [potion
                  | of mutation]
 51195 | Slime:2  | XOM: enchant monster (good)
 51218 | Slime:2  | Gained mutation: You have an increased reservoir of magic.
                  | (+10% MP) [a shining eye]
 51266 | Slime:2  | XOM: scenery: create altars
 51343 | Slime:2  | XOM: god gift: 544 gold pieces
 51584 | Slime:3  | XOM: divination: magic mapping
 52204 | Slime:3  | XOM: scenery: summon butterflies
 52421 | Slime:4  | XOM: scenery: summon butterflies
 52564 | Slime:5  | Entered Level 5 of the Pits of Slime
 52571 | Slime:5  | XOM: divination: magic mapping
 52752 | Slime:5  | Noticed the Royal Jelly
 52762 | Slime:5  | XOM: potion effect (invisibility)
 52772 | Slime:4  | Gained mutation: You are very frail. (-20% HP) [a shining
                  | eye]
 52775 | Slime:4  | XOM: scenery: summon butterflies
 52822 | Slime:4  | Lost mutation: You have sharp fingernails. [potion of
                  | mutation]
 52822 | Slime:4  | Lost mutation: You are weak. (Str -2) [potion of mutation]
 52822 | Slime:4  | Lost mutation: Your spells are a little harder to cast, but
                  | a little more powerful. [potion of mutation]
 52822 | Slime:4  | Gained mutation: You have hoof-like feet. [potion of
                  | mutation]
 52822 | Slime:4  | Gained mutation: You have hooves in place of feet. [potion
                  | of mutation]
 52823 | Slime:4  | Lost mutation: You have hooves in place of feet. [potion of
                  | mutation]
 52823 | Slime:4  | Lost mutation: You are very frail. (-20% HP) [potion of
                  | mutation]
 52823 | Slime:4  | Lost mutation: You are frail. (-10% HP) [potion of
                  | mutation]
 52823 | Slime:4  | Gained mutation: You have hidden genetic potential. [potion
                  | of mutation]
 52909 | Slime:4  | XOM: fog
 52949 | Slime:4  | XOM: divination: magic mapping
 53018 | Slime:5  | XOM: confuse monster(s)
 53019 | Slime:5  | XOM: summons 2 friendly demons
 53025 | Slime:5  | XOM: cleaving
 53032 | Slime:5  | XOM: cleaving
 53036 | Slime:5  | XOM: god gift: potion of berserk rage
 53045 | Slime:5  | Killed the Royal Jelly
 53053 | Slime:5  | XOM: give mutations
 53053 | Slime:5  | Gained mutation: Your flesh is heat resistant. (rF+) [Xom's
                  | grace]
 53053 | Slime:5  | Gained mutation: You have hooves in place of feet. [Xom's
                  | grace]
 53053 | Slime:5  | Gained mutation: You have a pair of small horns on your
                  | head. [Xom's grace]
 53053 | Slime:5  | Gained mutation: Your mind is acute. (Int +4, Str/Dex -1)
                  | [Xom's grace]
 53225 | Slime:5  | XOM: divination: detect creatures
 53236 | Slime:5  | XOM: confuse monster(s)
 53250 | Slime:5  | Reached XP level 24. HP: 136/177 MP: 33/33
 53418 | Slime:5  | Noticed Dissolution
 53423 | Slime:5  | Killed Dissolution
 53567 | Slime:5  | Identified the +3 scale mail "Texif" {rC+ rCorr Dex+4}
 53572 | Slime:5  | Identified the +4 ring mail of Juviont {rElec Str+4 Int-3}
 53584 | Slime:5  | Identified the +1 ring mail of Responsibility {rElec Dex+4}
 53585 | Slime:5  | Identified the +5 dagger of Havoc {freeze, rPois Dex+2}
 53586 | Slime:5  | Identified the +7 short sword "Ilula" {holy, rPois Will+}
 53605 | Slime:5  | Identified the +4 rapier "Cimapela" {drain, +Blink}
 53634 | Slime:5  | Identified the +1 longbow of Durottep {freeze, rN+ rCorr
                  | Int+5 Dex-5}
 53636 | Slime:5  | Got a slimy rune of Zot
 54114 | Crypt:1  | Entered Level 1 of the Crypt
 54142 | Crypt:1  | XOM: 3-stop teleportation journey
 54164 | Crypt:1  | XOM: destruction
 54246 | Crypt:1  | Noticed Ciwiv's ghost (veteran FoFi)
 54249 | Crypt:1  | Found a transporter.
 54256 | Crypt:1  | Found a transporter.
 54435 | Crypt:1  | XOM: polymorph necromancer -> faun
 54437 | Crypt:1  | XOM: cast spell 'Discord'
 54520 | Crypt:1  | Found a basalt altar of Yredelemnul.
 54699 | Crypt:1  | XOM: scenery: summon butterflies
 54988 | Crypt:2  | XOM: swap monsters
 55088 | Crypt:2  | XOM: smoke on damage
 55511 | Crypt:2  | XOM: scenery: create altars
 55641 | Crypt:2  | XOM: 4-stop teleportation journey
 55739 | Crypt:2  | XOM: summons 8 hostile demons
 55766 | Crypt:2  | XOM: 1-stop teleportation journey
 55844 | Crypt:2  | XOM: torment (91/180 hp)
 56019 | Crypt:3  | Entered Level 3 of the Crypt
 56134 | Crypt:3  | Noticed Bai Suzhen
 56140 | Crypt:3  | Killed Bai Suzhen
 56155 | Crypt:3  | XOM: divination: detect items
 56233 | Crypt:3  | Identified the +0 pair of gloves "Liliseus" {rElec Will+
                  | rCorr Dex-4}
 56266 | Crypt:3  | XOM: 1-stop teleportation journey
 56362 | Crypt:3  | XOM: cast spell 'Discord'
 56390 | Crypt:3  | Got Sif Muna's Almanac of Translocated Transfiguration
 56413 | Crypt:3  | Found a staircase to the Tomb.
 56413 | Crypt:3  | Found the +8 storm bow {elec, penet}
 56413 | Crypt:3  | XOM: 3-stop teleportation journey
 56470 | Crypt:3  | XOM: confuse monster(s)
 56602 | Crypt:3  | XOM: scenery: 2 doors close
 56734 | Crypt:3  | Identified the +8 battleaxe of Evil {antimagic, Fragile
                  | rPois Str+3}
 56978 | Crypt:3  | XOM: cloud trail
 57031 | Crypt:3  | Reached skill level 27 in Fighting
 57044 | Crypt:3  | XOM: god gift: silver javelin
 57199 | Crypt:3  | Found an ancient bone altar of Kikubaaqudgha.
 57219 | Crypt:3  | Reached skill level 5 in Armour
 57224 | Crypt:3  | Noticed a dread lich
 57228 | Crypt:3  | Killed a dread lich
 57231 | Crypt:3  | Identified the +1 leather armour "Uwnol" {Will- Str+6}
 57232 | Crypt:3  | Identified the +7 flail of Astrotohu {vorpal, MP+9 Str+5
                  | Dex-3 SInv}
 57351 | Crypt:3  | XOM: summons friendly ufetubus
 57607 | Crypt:3  | XOM: scenery: 2 doors close
 57682 | Crypt:3  | XOM: scenery: 1 doors close
 57753 | Crypt:3  | XOM: scenery: summon butterflies
 57886 | Vaults:5 | Entered Level 5 of the Vaults
 57890 | Vaults:5 | XOM: chaos upgrade
 57914 | Vaults:4 | Gained mutation: Your flesh is cold resistant. (rC+)
                  | [hidden potential]
 58001 | Vaults:5 | Noticed an ancient lich
 58054 | Vaults:5 | Killed an ancient lich
 58055 | Vaults:5 | Identified the ring "Oqef Opn" {Wiz rN+ rCorr Slay+2}
 58068 | Vaults:5 | Reached skill level 5 in Stealth
 58073 | Vaults:4 | XOM: fog
 58150 | Vaults:4 | XOM: give mutations
 58150 | Vaults:4 | Lost mutation: Your flesh is heat resistant. (rF+) [Xom's
                  | mischief]
 58150 | Vaults:4 | Lost mutation: You have hooves in place of feet. [Xom's
                  | mischief]
 58150 | Vaults:4 | Lost mutation: You have a pair of small horns on your head.
                  | [Xom's mischief]
 58150 | Vaults:4 | Lost mutation: You have hidden genetic potential. [Xom's
                  | mischief]
 58185 | Vaults:4 | XOM: give mutations
 58185 | Vaults:4 | Lost mutation: You are completely covered in iridescent
                  | scales. (AC +6) [Xom's mischief]
 58185 | Vaults:4 | Gained mutation: Your body sometimes deteriorates upon
                  | taking damage. [Xom's mischief]
 58185 | Vaults:4 | Lost mutation: Your flesh is cold resistant. (rC+) [Xom's
                  | mischief]
 58260 | Vaults:4 | XOM: give mutations
 58260 | Vaults:4 | Gained mutation: Your spells are a little harder to cast,
                  | but a little more powerful. [Xom's mischief]
 58260 | Vaults:4 | Lost mutation: Your spells are a little harder to cast, but
                  | a little more powerful. [Xom's mischief]
 58279 | Vaults:5 | XOM: summons friendly hellwing
 58295 | Vaults:4 | Noticed a shard shrike
 58295 | Vaults:4 | a titan changed into a shard shrike
 58295 | Vaults:4 | XOM: polymorph titan -> shard shrike
 58296 | Vaults:4 | Reached XP level 25. HP: 88/187 MP: 33/33
 58297 | Vaults:4 | Noticed a juggernaut
 58297 | Vaults:4 | a shard shrike changed into a juggernaut
 58297 | Vaults:4 | XOM: polymorph shard shrike -> juggernaut
 58299 | Vaults:4 | Killed a juggernaut
 58306 | Vaults:4 | Reached skill level 1 in Evocations
 58344 | Vaults:4 | XOM: stat loss: -1 Dex (33/34)
 58359 | Vaults:5 | XOM: potion effect (brilliance)
 58363 | Vaults:5 | XOM: divination: magic mapping
 58375 | Vaults:4 | XOM: summons friendly iron imp
 58377 | Vaults:4 | XOM: repel stairs
 58469 | Vaults:5 | XOM: silly message
 58480 | Vaults:4 | Reached skill level 5 in Evocations
 58621 | Vaults:4 | XOM: silly message
 58741 | Vaults:4 | XOM: silly message
 58768 | Vaults:4 | XOM: summons friendly white imp
 58784 | Vaults:4 | XOM: potion effect (berserk rage)
 58860 | Vaults:5 | XOM: potion effect (berserk rage)
 58861 | Vaults:5 | XOM: silly message
 58903 | Vaults:5 | Noticed a dread lich
 59023 | Vaults:4 | Killed a dread lich
 59041 | Vaults:5 | XOM: polymorph ironbound preserver -> iron troll
 59047 | Vaults:5 | XOM: chaos upgrade
 59050 | Vaults:5 | XOM: swap monsters
 59065 | Vaults:5 | Reached skill level 10 in Armour
 59322 | Vaults:5 | Identified the +5 ring mail "Foitz" {Dex+4 Stlth-}
 59328 | Vaults:5 | Got the Volume of the Geologist
 59522 | Vaults:5 | Noticed an ancient lich
 59526 | Vaults:5 | Killed an ancient lich
 59557 | Vaults:5 | Identified the -1 helmet "Veef" {rElec rPois Str+6 Int-2}
 59560 | Vaults:5 | Got a silver rune of Zot
 59571 | Vaults:5 | Identified the +6 arbalest "Zujiunif" {elec, rPois rC+++
                  | Dex-2 Stlth+}
 59588 | Vaults:5 | Identified the +10 flail of Triumph {vamp, Int+4 SInv
                  | Stlth-}
 59840 | Vaults:5 | XOM: silly message
 60174 | Vaults:2 | XOM: noise
 60471 | Zot:1    | Entered Level 1 of the Realm of Zot
 60475 | Zot:1    | XOM: noise
 60554 | Zot:1    | XOM: chaos upgrade
 60600 | Zot:1    | Identified the +3 trident "Oblucsac" {vorpal, rN+}
 60625 | Zot:1    | Reached skill level 5 in Spellcasting
 60722 | Zot:1    | XOM: give mutations
 60722 | Zot:1    | Lost mutation: You occasionally shout uncontrollably at
                  | your foes. [Xom's mischief]
 60722 | Zot:1    | Lost mutation: You are strong-willed. (Will+) [Xom's
                  | mischief]
 60722 | Zot:1    | Gained mutation: You are frail. (-10% HP) [Xom's mischief]
 60722 | Zot:1    | Gained mutation: You occasionally lose the ability to read
                  | scrolls when taking damage. [Xom's mischief]
 61280 | Zot:2    | XOM: summons friendly white imp
 61319 | Zot:2    | XOM: swap monsters
 61346 | Zot:2    | XOM: stat loss: -1 Str (11/12)
 61365 | Zot:2    | XOM: torment (94/168 hp)
 61369 | Zot:2    | XOM: swap monsters
 61389 | Zot:2    | Reached skill level 10 in Spellcasting
 61438 | Zot:2    | Reached XP level 26. HP: 132/173 MP: 42/43
 61546 | Zot:2    | XOM: scenery: summon butterflies
 61579 | Zot:2    | XOM: give mutations
 61579 | Zot:2    | Gained mutation: You are agile. (Dex +4, Str/Int -1) [Xom's
                  | mischief]
 61579 | Zot:2    | Lost mutation: You have an increased reservoir of magic.
                  | (+10% MP) [Xom's mischief]
 61629 | Zot:2    | XOM: give mutations
 61629 | Zot:2    | Gained mutation: Your mind is very acute. (Int +8, Str/Dex
                  | -2) [Xom's mischief]
 61629 | Zot:2    | Lost mutation: You are mostly covered in iridescent scales.
                  | (AC +4) [Xom's mischief]
 62009 | Zot:3    | XOM: noise
 62101 | Zot:3    | XOM: enchant monster (good)
 62235 | Zot:3    | XOM: divination: detect creatures
 62400 | Zot:3    | Reached skill level 15 in Spellcasting
 62411 | Zot:3    | XOM: divination: magic mapping
 62416 | Zot:3    | XOM: noise
 62464 | Zot:3    | XOM: silly message
 62486 | Zot:3    | XOM: cloud trail
 62762 | Zot:4    | XOM: silly message
 62774 | Zot:4    | XOM: potion effect (heal wounds)
 62998 | Zot:4    | XOM: silly message
 63634 | Zot:4    | Got Nirarph's Omnibus of the Mortuary Spider
 64066 | Zot:4    | XOM: noise
 64166 | Zot:4    | XOM: polymorph white draconian -> shapeshifter
 64174 | Zot:4    | XOM: divination: detect creatures
 64241 | Zot:5    | Entered Level 5 of the Realm of Zot
 64398 | Zot:5    | XOM: noise
 64402 | Zot:5    | XOM: enchant monster (good)
 65000 | Zot:5    | XOM: god gift: stone
 65004 | Zot:5    | XOM: divination: detect items
 65362 | Zot:5    | XOM: give mutation
 65362 | Zot:5    | Gained mutation: You have a pair of small horns on your
                  | head. [Xom's grace]
 65596 | Zot:5    | XOM: god gift: ring of fire
 65800 | Zot:5    | Lost mutation: You occasionally lose the ability to read
                  | scrolls when taking damage. [potion of mutation]
 65800 | Zot:5    | Lost mutation: You are partially covered in iridescent
                  | scales. (AC +2) [potion of mutation]
 65800 | Zot:5    | Gained mutation: Your skin changes colour to match your
                  | surroundings (Stealth+). [potion of mutation]
 65800 | Zot:5    | Gained mutation: You have hooves in place of feet. [potion
                  | of mutation]
 66059 | Zot:5    | Noticed an ancient lich
 66064 | Zot:5    | Noticed an orb of fire
 66066 | Zot:5    | Noticed an orb of fire
 66124 | Zot:5    | Noticed an orb of fire
 66124 | Zot:5    | Noticed an orb of fire
 66124 | Zot:5    | Noticed an orb of fire
 66124 | Zot:5    | XOM: 2-stop teleportation journey
 66128 | Zot:5    | Gained mutation: Your magical capacity is low. (-10% MP)
                  | [an orb of fire]
 66129 | Zot:5    | XOM: potion effect (invisibility)
 66130 | Zot:5    | Killed an orb of fire
 66131 | Zot:5    | Reached XP level 27. HP: 115/179 MP: 33/45
 66135 | Zot:5    | Noticed a dread lich
 66142 | Zot:5    | XOM: summons 2 friendly demons
 66146 | Zot:5    | XOM: cast spell 'Summon Ice Beast'
 66147 | Zot:5    | XOM: enchant monster (good)
 66148 | Zot:5    | XOM: fog
 66154 | Zot:5    | Killed an orb of fire
 66161 | Zot:5    | XOM: summons 4 hostile shadow creatures
 66354 | Zot:5    | XOM: god gift: plate armour {god gift}
 66838 | Zot:5    | XOM: give mutations
 66838 | Zot:5    | Gained mutation: Your body often deteriorates upon taking
                  | damage. [Xom's mischief]
 66838 | Zot:5    | Lost mutation: You are frail. (-10% HP) [Xom's mischief]
 66838 | Zot:5    | Lost mutation: You are agile. (Dex +4, Str/Int -1) [Xom's
                  | mischief]
 67169 | Zot:5    | Noticed an orb of fire
 67170 | Zot:5    | Gained mutation: You occasionally lose the ability to drink
                  | potions when taking damage. [an orb of fire]
 67174 | Zot:5    | Killed an orb of fire
 67194 | Zot:5    | Killed a dread lich
 67279 | Zot:5    | XOM: scenery: create altars
 67416 | Zot:5    | Gained mutation: You are clumsy. (Dex -2) [an orb of fire]
 67417 | Zot:5    | XOM: fake destruction
 67533 | Zot:5    | XOM: cloud trail
 67598 | Zot:5    | XOM: divination: detect creatures
 68225 | Zot:5    | Noticed an orb of fire
 68227 | Zot:5    | Lost mutation: Your mind is very acute. (Int +8, Str/Dex
                  | -2) [an orb of fire]
 68228 | Zot:5    | Gained mutation: You are partially covered in large bone
                  | plates. (SH +4) [an orb of fire]
 68232 | Zot:5    | Killed an orb of fire
 68295 | Zot:5    | Noticed an ancient lich
 68298 | Zot:5    | Killed an ancient lich
 68418 | Zot:5    | Killed an orb of fire
 68443 | Zot:5    | Killed an ancient lich
 68464 | Zot:5    | Killed an orb of fire
 68472 | Zot:5    | Gained mutation: You are very clumsy. (Dex -4) [an orb of
                  | fire]
 68473 | Zot:5    | Killed an orb of fire
 69407 | Zot:5    | XOM: scenery: 3 doors close
 69551 | Zot:5    | XOM: silly message
 69572 | Zot:5    | Lost mutation: You have hooves in place of feet. [potion of
                  | mutation]
 69572 | Zot:5    | Lost mutation: You are partially covered in large bone
                  | plates. (SH +4) [potion of mutation]
 69572 | Zot:5    | Gained mutation: Your system is resistant to poisons.
                  | (rPois) [potion of mutation]
 69627 | Zot:5    | XOM: silly message
 69633 | Zot:5    | Got the Orb of Zot
 69756 | Zot:5    | Noticed Vedeuguz the pandemonium lord
 69757 | Zot:5    | XOM: noise
 69763 | Zot:5    | Lost mutation: You occasionally lose the ability to drink
                  | potions when taking damage. [a neqoxec]
 69960 | D:15     | XOM: divination: magic mapping
 70002 | D:15     | XOM: noise
 70311 | D:$      | Escaped with the Orb!

Illustrated notes

Levels and vault maps discovered:
D:1:      amcnicky_arrival_wind_blow, layout_rooms,
          shapermc_ecumenical_altar_hornbeckon
D:2:      layout_basic, hex_large, minmay_stone_trees_medium
D:3:      layout_rooms, nicolae_uskayaw_murder_on_the_dancefloor,
          grunt_decor_one_mirror, item_on_display_a
D:4:      layout_loops_corners, general_overflow_altar,
          nicolae_overflow_two_pavilions, minmay_small_thing, uniq_menkaure
D:5:      layout_rooms, nicolae_overflow_crystal_walls,
          minmay_a_box_with_orc_wizards_in_it, uniq_duvessa, uniq_sigmund,
          uniq_ijyb
D:6:      layout_gridville, nicolae_qazlal_general_emergency,
          kennysheep_okawaru_gauntlet, minmay_temple_entry_statues,
          serial_shops, shop, gammafunk_ghost_arena, minivault_10,
          uniq_eustachio
D:7:      layout_loops_cross
D:8:      layout_cave_pools, pf_just_have_faith
D:9:      layout_loops_corners, david_lair_generic, orc_0_dummy
D:10:     minmay_gate_of_8, layout_basic, fedhas_altar_2, gammafunk_ghost_arena
D:11:     layout_grid_maze, serial_rivers, chequers_serial_rivers_micro_b,
          chequers_serial_rivers_micro_a, chequers_serial_rivers_room_b,
          chequers_serial_rivers_small_b, chequers_serial_rivers_micro_d,
          chequers_serial_rivers_small_b
D:12:     layout_loops_cross, serial_shops, nicolae_lakefront_shop, uniq_fannar
D:13:     layout_cave_pods, enter_trove_2
D:14:     layout_loops_ring, erik_vaults_1, nicolae_kite_square_tiling_tiny
D:15:     grunt_enter_depths_hoard, layout_loops_corners, lemuel_crystal_altar,
          chequers_serial_rivers_micro_a, minmay_increasing_density, uniq_nessos
Lair:1:   layout_cave_shapes, dpeg_stationary_puzzle, grunt_megastairs_5,
          lemuel_fruit_tree
Lair:2:   layout_regular_city, minmay_swamp_entry_swarm,
          spider_nest_entry_web_field, nicolae_lair_liquid_snakes
Lair:3:   layout_cave_shapes, gammafunk_ghost_necromancy,
          portal_ice_cave_demonic_guard, patterned_corridor
Lair:4:   layout_roguey, serial_rivers, chequers_serial_rivers_large_b,
          chequers_serial_rivers_small_a, chequers_serial_rivers_room_a,
          chequers_serial_rivers_large_a, chequers_serial_rivers_micro_e,
          nzn_sisyphean_effort, lemuel_fruit_fields
Lair:5:   hangedman_lair_in_review, layout_big_grid, slime_entry_1,
          uniq_josephine
Swamp:1:  layout_basic_swamp, evilmike_swamp_ruin_house_4, uniq_louise
Swamp:2:  layout_basic_swamp, nicolae_swamp_some_circles, swamp_pool5,
          nicolae_swamp_bunyip_nook
Swamp:3:  layout_basic_swamp, nicolae_swamp_tree_isthmus, swamp_pool1,
          st_swamp_ruins_1
Swamp:4:  swamp_alternative, layout_basic_swamp, swamp_pool1,
          beargit_elvish_explorers
Spider:1: layout_spider_delve, nicolae_spider_claw_tunnel, uniq_mlioglotl
Spider:2: cheibrodos_spider_silkery, hangedman_stitches_earthworm, uniq_roxanne
Spider:3: layout_spider_delve, nicolae_spider_cling_ruins, uniq_arachne
Spider:4: grunt_spider_rune_parallel
Slime:1:  layout_caves
Slime:2:  layout_caves, nicolae_slime_round_cave
Slime:3:  layout_caves
Slime:4:  layout_caves
Slime:5:  uniq_dissolution
Orc:1:    nicolae_orc_accident_3, layout_caves, basic_altar,
          guppyfry_library_mini
Orc:2:    grunt_orc_gardens, layout_diamond_mine, grunt_orc_garden,
          grunt_orc_garden, grunt_orc_garden, grunt_orc_garden, uniq_azrael
Elf:1:    nicolae_elf_arrival_no_cutting_in_line, layout_loops_corners,
          serial_co_window_serial, co_window_paths_b, co_window_paths_a,
          co_window_paths_b, co_window_paths_a, co_window_of_opportunity_a,
          co_window_of_opportunity_c, co_window_corner_cb,
          co_window_unsneaky_path_d, co_window_sun, glass_columns_b,
          glass_columns_a, glass_columns_b, glass_columns_c, glass_columns_b,
          uniq_frances
Elf:2:    elven_hall_of_blades_hangedman_original [nicolae_blade_lattice],
          layout_loops_corners, serial_shops, nicolae_shop_waterfront,
          lemuel_upstairs_altar, lemuel_elevator
Elf:3:    grunt_elf_hall_spiral, layout_loops_corners
Vaults:1: ontoclasm_vaults_ring_square, hangedman_vaults_river_flow,
          hangedman_vaults_maws, nicolae_vaults_triangles, gammafunk_the_bubble
          [the_bubble_gammafunk_plus_minus], vaults_mumra_hexcomb,
          nicolae_vaults_network_quinsquares
          [nicolae_vaults_network_quincunx_subvault,
          nicolae_vaults_network_quincunx_subvault,
          nicolae_vaults_network_quincunx_subvault,
          nicolae_vaults_network_quincunx_subvault], vaults_standard_mumra_x,
          grunt_vaults_diagonal, v_misc_16, ontoclasm_vaults_decontamination,
          layout_vaults_big_cross
Vaults:2: v_rooms_5, minmay_crypt_entry_vampire_xt, vaults_room_corners,
          ontoclasm_vaults_bender, dpeg_vaults_monster_box, v_misc_10,
          nicolae_vaults_three_branches, nicolae_vaults_little_squares_2,
          layout_vaults_omnigrid
Vaults:3: v_alt_pattern_2, v_pattern_4, nicolae_vaults_rhombus_6,
          grunt_vaults_hallway_short, v_rooms_4, v_misc_31,
          nicolae_vaults_little_squares_6, vaults_dpeg_ring,
          nicolae_vaults_network_periphery, nicolae_vaults_little_squares_1,
          v_alt_pattern_6, layout_vaults_omnibox
Vaults:4: vaults_dpeg_encased_lava, vaults_room_octagon, v_rooms_2,
          ontoclasm_vaults_eye, hangedman_vaults_locks, grunt_vaults_funnel,
          nicolae_vaults_ninety_degrees, v_rooms_5, v_misc_22,
          nicolae_vaults_quartermaster, vaults_mumra_chevron_long,
          nicolae_vaults_little_squares_1, nicolae_vaults_rhombus_6,
          layout_vaults_ring, serial_shops, nicolae_lakefront_shop,
          nicolae_shop_hallway_plus, nicolae_lakefront_shop, shop,
          nicolae_shop_behind_doors, uniq_zenata
Vaults:5
Crypt:1:  layout_chaotic_city, gammafunk_ghost_arena, weyrava_vampire_temple
Crypt:2:  layout_misc_corridors, serial_sigils, serial_sigils_hangedman_gnaw,
          serial_sigils_hangedman_gut, serial_sigils_hangedman_gut,
          serial_sigils_hangedman_clutch, serial_sigils_hangedman_etch,
          hellmonk_scarab_ruin
Crypt:3:  quadcrypt_mu, uniq_bai_suzhen
Depths:1: layout_gridlike, nrook_mini_vaults, hellmouth_3,
          serial_bayou_crossing, minmay_shoptagon
Depths:2: minmay_the_grid_triangle_9x9_recursive_2_mashed
          [minmay_the_grid_triangle_9x9_prize_center,
          minmay_the_grid_triangle_9x9_skeleton,
          minmay_the_grid_triangle_9x9_subtriangle,
          minmay_the_grid_triangle_9x9_intruding_spiral], layout_basic,
          enter_ziggurat_a, serial_curves, eino_curves_04, eino_curves_01,
          hell_entry, rand_demon_pan_entry_4, uniq_vv, uniq_josephina
Depths:3: minmay_connected_triangles_in_corner, layout_twisted_cross,
          abyss_entry, nicolae_dithmenos_shadow_blocks, hellmouth_2,
          infiniplex_staircase_star
Depths:4: grunt_zot_entry_bicorn, layout_gridlike, serial_shops,
          bzr_entry_customers, hell_entry, hangedman_abyss_entry_splay,
          nicolae_ashenzari_skybound, dk_noncrumbling_3, serial_bayou_ford_a,
          serial_bayou_shore_a
Zot:1:    layout_gridlike
Zot:2:    layout_misc_corridors
Zot:3:    layout_gridlike, grunt_ministairs_12
Zot:4:    layout_basic, st_large_dragon_hoard_4
Zot:5:    layout_gridlike, st_stairs_11

Skill      XL: |  1  2  3  4  5  6  7  8  9 10 11 12 13 14 15 16 17 18 19 20 21 22 23 24 25 26 27 |
---------------+----------------------------------------------------------------------------------+-----
Ranged Weapons | 6 7 8 9 12 14 16 18 20 22 24 26 27 | 27.0
Dodging        | 3 4 5 6 7 9 11 12 14 16 19 21 23 25 26 27 | 27.0
Fighting       | 2 3 4 6 8 9 10 11 12 13 14 16 17 18 20 21 23 25 27 | 27.0
Spellcasting   | 4 10 21 26 | 26.5
Stealth        | 4 6 8 |  8.0
Armour         | 4 8 12 | 12.0
Evocations     | 8 |  8.0

Action                   |  1- 3 |  4- 6 |  7- 9 | 10-12 | 13-15 | 16-18 | 19-21 | 22-24 | 25-27 || total
-------------------------+-------+-------+-------+-------+-------+-------+-------+-------+-------++-------
Melee: Shortbow          |       |       |     1 |       |       |       |       |       |       ||     1
       Whip              |       |       |       |       |       |       |       |       |    22 ||    22
       Punch             |       |       |       |       |       |       |       |       |     2 ||     2
 Fire: Shortbow          |   102 |    81 |   377 |   672 |   643 |       |       |       |       ||  1875
       Arbalest          |       |       |       |       |   164 |       |       |       |       ||   164
       Longbow           |       |       |       |       |    22 |       |       |    66 |    59 ||   147
       Triple crossbow   |       |       |       |       |   342 |   958 |  1004 |  1342 |  1054 ||  4700
Throw: Throwing net      |       |       |       |     2 |     1 |       |       |       |       ||     3
Evoke: Wand              |       |     2 |       |     8 |       |       |       |       |       ||    10
       Phial of floods   |       |       |       |       |     1 |       |       |       |       ||     1
       Phantom mirror    |       |       |       |       |       |       |       |     1 |     1 ||     2
  Use: Scroll            |     7 |     1 |    12 |    15 |    18 |    11 |     6 |     7 |     9 ||    86
       Potion            |       |     4 |     6 |     4 |     6 |     7 |    11 |    16 |     6 ||    60
Armor: Swamp dragon scal |     4 |       |       |       |       |       |       |       |       ||     4
       Leather armour    |     3 |    19 |     5 |       |       |       |       |       |       ||    27
       Robe              |       |       |    35 |    54 |   123 |    82 |    45 |   143 |   133 ||   615
Dodge: Dodged            |    19 |    53 |   147 |   231 |   593 |   728 |   734 |  1478 |  1289 ||  5272
